 Dungeon Crawl Stone Soup version 0.24-a0-520-g8fd06ad0bc (webtiles) character file.

2963 CoolPlay the Fighter (level 9, 77/77 HPs)
             Began as a Barachi Hunter on Oct 22, 2018.
             Quit the game in the Ecumenical Temple on July 25, 2019.
             The game lasted 00:52:44 (4981 turns).

CoolPlay the Fighter (Barachi Hunter)               Turns: 4981, Time: 00:52:44

Health: 77/77      AC: 10    Str: 16    XL:     9   Next: 81%
Magic:  9/9        EV:  7    Int: 12    God:
Gold:   151        SH:  0    Dex: 13    Spells: 8/8 levels left

rFire    . . .     SeeInvis .   b - +4 falchion
rCold    . . .     Gourm    .   (no shield)
rNeg     . . .     Faith    .   l - +0 chain mail
rPois    .         Spirit   .   s - +0 helmet
rElec    .         Reflect  .   (no cloak)
rCorr    .         Harm     .   (no gloves)
MR       .....                  r - +0 pair of boots
Stlth    ..........             (no amulet)
HPRegen  0.22/turn              (no ring)
MPRegen  0.11/turn              q - ring of wizardry

@: slow
A: +LOS, swims, slowness 1, strong legs 1
a: Hop


You were in the Ecumenical Temple.
You were hungry.

You visited 2 branches of the dungeon, and saw 8 of its levels.
You also visited: Sewer.

You collected 338 gold pieces.
You spent 187 gold pieces at shops.

Inventory:

Hand Weapons
 a - a +2 hunting sling
 b - a +4 falchion (weapon)
 i - a +1 flail of draining
 k - a +0 blowgun
 w - a +0 long sword of holy wrath
 C - a +1 short sword of venom
 D - a +0 whip of freezing
 K - a +1 trident of freezing
Missiles
 c - 2 throwing nets (quivered)
 d - 95 sling bullets
 e - 128 stones
 g - 6 boomerangs
 o - 31 poisoned darts
Armour
 l - a +0 chain mail (worn)
 r - a +0 pair of boots (worn)
 s - a +0 helmet (worn)
 v - a +0 ring mail
 B - a +0 plate armour
Jewellery
 q - a ring of wizardry (right hand)
 F - an uncursed ring of stealth {unknown}
 H - a cursed ring of ice {unknown}
 I - a +4 ring of protection {unknown}
Wands
 E - a wand of paralysis (11)
Scrolls
 h - a scroll of fear
 j - a scroll of fog
 x - a scroll of blinking
 y - a scroll of amnesia
 A - a scroll of enchant weapon
 G - a scroll of identify
Potions
 m - a potion of berserk rage
 n - 3 potions of brilliance
 p - 4 potions of curing
 t - a potion of might
 u - a potion of ambrosia
 z - a potion of resistance {unknown}
 J - a potion of degeneration {unknown}
Comestibles
 f - 10 rations


   Skills:
 + Level 9.5 Fighting
 - Level 1.4(5.3) Short Blades
 + Level 8.9(9.0) Long Blades
 + Level 8.7 Slings
 - Level 2.1 Dodging
 - Level 0.8 Stealth


You had 8 spell levels left.
You didn't know any spells.
Your spell library was empty.

Dungeon Overview and Level Annotations

Branches:
Dungeon (7/15)             Temple (1/1) D:4

Altars:
Cheibriados
Gozag
Hepliaklqana
Kikubaaqudgha
Makhleb
Okawaru
Qazlal
Ru
Trog
Vehumet
Zin

Shops:
D:7 }

Annotations:
D:6 4 runed doors


Innate Abilities, Weirdness & Mutations

Shadows flee at your approach. (+LOS)
You can swim through water.
You cover ground slowly.
You can hop short distances.


Message History

Describe a item; partial names and regexps are fine.
Enter a single letter to list items displayed by that symbol.
Describe what? silver j No matching items.
Describe a (M)onster, (S)pell, s(K)ill, (A)bility, (C)ard, (I)tem, (F)eature, (G)od, (B)ranch, c(L)oud or s(T)atus?
Describe a item; partial names and regexps are fine.
Enter a single letter to list items displayed by that symbol.
Describe what? silver javelin No matching items.
Describe a (M)onster, (S)pell, s(K)ill, (A)bility, (C)ard, (I)tem, (F)eature, (G)od, (B)ranch, c(L)oud or s(T)atus?
Describe a item; partial names and regexps are fine.
Enter a single letter to list items displayed by that symbol.
Describe what? av Describe a (M)onster, (S)pell, s(K)ill, (A)bility, (C)ard, (I)tem, (F)eature, (G)od, (B)ranch, c(L)oud or s(T)atus?
Describe a item; partial names and regexps are fine.
Enter a single letter to list items displayed by that symbol.
Describe what? jav Describe a (M)onster, (S)pell, s(K)ill, (A)bility, (C)ard, (I)tem, (F)eature, (G)od, (B)ranch, c(L)oud or s(T)atus?
Okay, then.
Describe a (M)onster, (S)pell, s(K)ill, (A)bility, (C)ard, (I)tem, (F)eature, (G)od, (B)ranch, c(L)oud or s(T)atus?
Describe a item; partial names and regexps are fine.
Enter a single letter to list items displayed by that symbol.
Describe what? throw Describe a (M)onster, (S)pell, s(K)ill, (A)bility, (C)ard, (I)tem, (F)eature, (G)od, (B)ranch, c(L)oud or s(T)atus?
Okay, then.
Drop what? 37/52 slots (_ for help) (? for menu, Esc to quit)
Okay, then.
Saving game... please wait.
Welcome back, CoolPlay the Barachi Hunter.
Okay, then.

≈≈≈≈≈≈≈≈≈≈≈≈≈≈≈§§§#
≈≈≈≈≈≈≈≈≈≈≈≈≈≈≈≈≈≈≈≈≈§§§§
≈≈≈≈≈≈≈≈≈≈≈≈≈≈≈≈...≈≈§§§§
≈...≈≈≈≈≈≈≈≈≈≈≈≈._.≈§§§§§
≈.8.≈≈≈≈...≈≈≈≈≈...≈§§≈§§
≈...≈≈≈≈._.≈≈≈≈≈≈≈≈≈≈≈≈≈≈
≈≈≈≈≈≈≈≈...≈≈≈≈≈≈≈≈≈≈...≈
≈≈≈≈≈≈≈≈≈≈≈≈≈≈≈...≈≈≈._.≈
≈≈≈≈≈≈≈≈≈≈≈≈≈≈≈.@.≈≈≈...≈
≈≈≈≈≈≈≈≈≈≈≈≈≈≈≈...≈≈≈≈≈≈≈
≈...≈≈≈≈≈≈≈≈≈≈≈≈≈≈≈≈≈≈≈≈≈
.....≈≈≈≈...≈≈≈≈≈≈≈≈...≈≈
..<..≈≈≈≈._.≈≈≈≈≈≈≈≈._.≈≈
.....≈≈≈≈...≈≈≈≈≈≈≈≈...≈≈
≈...≈≈≈≈≈≈≈≈≈≈≈≈≈≈≈≈≈≈≈≈≈
≈≈≈≈≈≈≈≈≈≈≈≈≈≈≈...≈≈≈≈≈≈≈
≈≈≈≈≈≈≈≈≈≈≈≈≈≈≈._.≈≈≈...≈


There were no monsters in sight!

Vanquished Creatures
  Pikel (D:6)
  Duvessa (D:6)
  2 orc warriors
  A phantom (D:5)
  A sky beast (D:5)
  4 slaves (D:6)
  A centaur (D:7)
  A necrophage (D:6)
  2 ogres
  4 big kobolds
  4 bullfrogs
  Dowan (D:6)
  A scorpion (D:7)
  4 hounds
  An orc priest (D:6)
  7 orc wizards
  A bullfrog skeleton (D:5)
  An iguana (D:7)
  9 worker ants
  A worker ant zombie (D:6)
  11 gnolls (D:6)
  11 adders
  A river rat (Sewer)
  5 oozes
  4 worms
  A dart slug (D:2)
  11 leopard geckos
  38 orcs
  5 bats
  8 giant cockroaches
  2 goblins (D:2)
  8 hobgoblins
  13 jackals
  A quokka (D:4)
  11 ball pythons
  3 frilled lizards
  2 jackal skeletons (D:6)
  14 kobolds
  A leopard gecko skeleton (D:6)
  A quokka zombie (D:6)
  14 rats
213 creatures vanquished.

Vanquished Creatures (others)
  A hobgoblin (D:1)
1 creature vanquished.

Grand Total: 214 creatures vanquished

Notes
Turn   | Place    | Note
-------+----------+-------------------------------------------
     0 | D:1      | CoolPlay the Barachi Hunter began the quest for the Orb.
     0 | D:1      | Reached XP level 1. HP: 17/17 MP: 1/1
   104 | D:1      | Reached skill level 1 in Short Blades
   104 | D:1      | Reached XP level 2. HP: 20/23 MP: 2/2
   252 | D:1      | Reached skill level 3 in Fighting
   336 | D:1      | Reached XP level 3. HP: 24/29 MP: 3/3
   362 | D:2      | Found an iron altar of Okawaru.
   564 | D:2      | Reached skill level 1 in Long Blades
   617 | D:2      | Reached XP level 4. HP: 35/35 MP: 4/4
  1096 | D:4      | Reached XP level 5. HP: 41/42 MP: 5/5
  1116 | D:4      | Noticed an ogre
  1123 | D:4      | Killed an ogre
  1123 | D:4      | Reached skill level 4 in Fighting
  1123 | D:4      | Reached skill level 5 in Slings
  1616 | D:5      | Entered Level 5 of the Dungeon
  1629 | D:5      | Reached XP level 6. HP: 45/49 MP: 6/6
  1730 | D:6      | Found a glowing drain.
  1789 | D:6      | Reached skill level 5 in Fighting
  1862 | Sewer    | Entered a sewer
  2022 | Sewer    | Reached XP level 7. HP: 50/56 MP: 7/7
  2325 | Sewer    | Reached skill level 6 in Fighting
  2459 | D:6      | Noticed Pikel
  2503 | D:5      | Reached skill level 5 in Long Blades
  2682 | D:5      | Found a glowing silver altar of Zin.
  2975 | D:6      | Reached XP level 8. HP: 34/65 MP: 8/8
  3180 | D:6      | Reached skill level 7 in Fighting
  3782 | D:7      | Reached skill level 8 in Fighting
  3782 | D:7      | Reached XP level 9. HP: 46/74 MP: 9/9
  3894 | D:7      | Found an iron altar of Okawaru.
  3913 | D:7      | Found Geps's Gadget Shoppe.
  3922 | D:7      | Bought a wand of paralysis (15) for 187 gold pieces
  4090 | D:6      | Found a large runed door.
  4090 | D:6      | Found a large runed door.
  4090 | D:6      | Noticed Duvessa
  4090 | D:6      | Noticed Dowan
  4101 | D:6      | Killed Duvessa
  4113 | D:6      | Killed Dowan
  4115 | D:6      | Found a large runed door.
  4115 | D:6      | Found a large runed door.
  4116 | D:6      | Noticed a brown ugly thing
  4643 | D:6      | Killed Pikel
  4643 | D:6      | Reached skill level 9 in Fighting
  4944 | D:4      | Found a staircase to the Ecumenical Temple.
  4955 | Temple   | Entered the Ecumenical Temple
  4981 | Temple   | Upgraded the game from 0.23-a0-356-g1757c6e039 to
                  | 0.23-a0-395-gcf17ac6c65
  4981 | Temple   | Upgraded the game from 0.23-a0-395-gcf17ac6c65 to
                  | 0.24-a0-459-g225fefd530
  4981 | Temple   | Upgraded the game from 0.24-a0-459-g225fefd530 to
                  | 0.24-a0-520-g8fd06ad0bc
  4981 | Temple   | Quit the game

Levels and vault maps discovered:
D:1:      mushboom_english_gardens, hangedman_feature_mirror,
          minmay_close_crescents
D:2:      first_ration, okawaru_ov_weapons_minmay
D:4:      minmay_temple_entry_poolview
D:5:      marbit_many_paths, basic_altar, serial_glass, glass_columns_a,
          glass_columns_b, glass_columns_a, glass_columns_a, glass_columns_c,
          glass_columns_a, glass_columns_c, glass_columns_a, glass_columns_b,
          glass_columns_c, glass_columns_a, glass_columns_a, glass_columns_a,
          glass_columns_a
D:6:      portal_sewer_entry_f, minmay_hollow_rounded_squares, uniq_pikel,
          uniq_duvessa
D:7:      kennysheep_little_box, serial_shops, shop
Temple:   regret_index_temple_mists

Skill      XL: |  1  2  3  4  5  6  7  8  9 |
---------------+----------------------------+-----
Short Blades   | 1 |  1.4
Fighting       | 3 4 5 6 8 9 |  9.5
Long Blades    | 1 2 3 4 5 7 8 |  8.9
Slings         | 5 6 7 8 |  8.7
Dodging        | |  2.1
Stealth        | |  0.8

Action                   |  1- 3 |  4- 6 |  7- 9 || total
-------------------------+-------+-------+-------++-------
Melee: Short sword       |    18 |       |       ||    18
       Falchion          |    10 |    92 |   322 ||   424
 Fire: Hunting sling     |    99 |   148 |   165 ||   412
       Blowgun           |       |       |    38 ||    38
Throw: Throwing net      |       |       |     2 ||     2
 Abil: Dig               |     3 |     2 |     6 ||    11
Evoke: Wand              |       |       |     4 ||     4
  Use: Scroll            |       |     9 |     6 ||    15
       Potion            |       |       |     3 ||     3
 Stab: Paralysed         |       |       |    12 ||    12
  Eat: Chunk             |       |     3 |     9 ||    12
       Ration            |       |       |     1 ||     1
Armor: Leather armour    |    15 |    34 |       ||    49
       Ring mail         |       |    44 |    63 ||   107
       Chain mail        |       |       |   135 ||   135
Dodge: Dodged            |    50 |   124 |   185 ||   359
       Rpst.: Falchion   |     2 |    40 |    48 ||    90

Table legend:
 A = Non-vault XP
 B = Vault XP
 C = Vault XP percentage of total XP
 D = Non-vault monster count
 E = Vault monster count
 F = Vault count percentage of total count
                 A         B        C        D         E       F
            +---------+---------+-------+---------+---------+-------
      Total |    2683 |    1551 |  36.6 |     166 |      44 |  21.0
            +---------+---------+-------+---------+---------+-------
        D:1 |      40 |       2 |   4.8 |      18 |       1 |   5.3
        D:2 |      50 |       0 |   0.0 |      16 |       0 |   0.0
        D:3 |      67 |       0 |   0.0 |      29 |       0 |   0.0
        D:4 |     159 |       0 |   0.0 |       8 |       0 |   0.0
        D:5 |     555 |       0 |   0.0 |      12 |       0 |   0.0
        D:6 |     857 |    1159 |  57.5 |      48 |      17 |  26.2
        D:7 |     955 |       0 |   0.0 |      35 |       0 |   0.0
      Sewer |       0 |     390 | 100.0 |       0 |      26 | 100.0
            +---------+---------+-------+---------+---------+-------
